 Dungeon Crawl Stone Soup version 0.20-a0-833-gc632bec (webtiles) character file.

50 nikopol the Firebug (level 3, 0/19 HPs)
             Began as a Deep Elf Fire Elementalist on Mar 7, 2017.
             Slain by a gnoll
             ... wielding a +0 club
              (7 damage)
             ... on level 2 of the Dungeon.
             The game lasted 00:05:35 (1490 turns).

nikopol the Firebug (Deep Elf Fire Elementalist)    Turns: 1490, Time: 00:05:36

Health: 0/19       AC:  2    Str:  5    XL:     3   Next: 55%
Magic:  2/9        EV: 13    Int: 19    God:
Gold:   36         SH:  0    Dex: 16    Spells: 2/8 levels left

rFire    . . .     SeeInvis .   j - +0 dagger
rCold    . . .     Gourm    .   a - +0 robe
rNeg     . . .     Faith    .   (no shield)
rPois    .         Spirit   .   (no helmet)
rElec    .         Reflect  .   (no cloak)
rCorr    .         Harm     .   (no gloves)
MR       .....                  (no boots)
Stlth    ++........             (no amulet)
Regen    0.1/turn               (no ring)
MPRegen  0.2/turn               (no ring)

@: very slightly contaminated, starving
A: no striking features
a: no special abilities


You were on level 2 of the Dungeon.
You were starving.

You visited 1 branch of the dungeon, and saw 2 of its levels.

You collected 36 gold pieces.

Inventory:

Hand Weapons
 j - a +0 dagger (weapon)
Armour
 a - a +0 robe (worn)
Scrolls
 e - 2 scrolls of identify {unknown}
 f - a scroll of remove curse {unknown}
 k - a scroll of enchant armour {unknown}
 m - 2 scrolls of magic mapping {unknown}
Potions
 d - 2 potions of brilliance {unknown}
 g - a potion of might {unknown}
 i - 2 potions of heal wounds {unknown}
 l - a potion of lignification {unknown}
Books
 b - a book of Flames

   Spells                             Type                      Level
   a - Flame Tongue                   Conjuration/Fire             1
   b - Throw Flame                    Conjuration/Fire             2
   c - Conjure Flame                  Conjuration/Fire             3
   d - Inner Flame                    Hexes/Fire                   3
   e - Sticky Flame                   Conjuration/Fire             4
   f - Fireball                       Conjuration/Fire             5
Comestibles
 c - 2 bread rations


   Skills:
 + Level 2.7 Dodging
 + Level 3.0 Stealth
 + Level 3.3 Spellcasting
 + Level 2.3 Conjurations
 + Level 3.8 Fire Magic


You had 2 spell levels left.
You knew the following spells:

 Your Spells              Type           Power        Failure   Level  Hunger
a - Flame Tongue          Conj/Fire      ###..        6%          1    None
b - Throw Flame           Conj/Fire      ###...       10%         2    ##.....
c - Conjure Flame         Conj/Fire      ###.....     14%         3    ###....


Dungeon Overview and Level Annotations

Branches:
Dungeon (2/15)

Altars:


Message History

Aiming: Flame Tongue
Press: ? - help, Shift-Dir - straight line, f/p - gnoll
Aim: a gnoll, wielding a club The flame tongue misses the gnoll.
The gnoll hits you with a club!
Casting: Flame Tongue
Confirm with . or Enter, or press ? or * to list all spells.
Aiming: Flame Tongue
Press: ? - help, Shift-Dir - straight line, f/p - gnoll
Aim: a gnoll, wielding a club The flame tongue misses the gnoll.
The gnoll hits you with a club.
Casting: Flame Tongue
Confirm with . or Enter, or press ? or * to list all spells.
Aiming: Flame Tongue
Press: ? - help, Shift-Dir - straight line, f/p - gnoll
Aim: a gnoll, wielding a club The flame tongue hits the gnoll.
The gnoll is moderately wounded.
You are starving!
The gnoll hits you with a club!
You die...

#############
#...).....g@#
#.###########
#.# #(# #.#
#<# #.# #.#
#g# #.# #g#
#.# #.#
#.l..# #.#
#K.#.#


You could see a gnoll.

Vanquished Creatures
  2 gnolls (D:2)
  A worm (D:1)
  A dart slug (D:1)
  4 bats (D:1)
  A giant cockroach (D:1)
  4 goblins (D:1)
  A hobgoblin (D:1)
  4 jackals (D:1)
  A frilled lizard (D:2)
  5 kobolds (D:1)
  A rat (D:1)
25 creatures vanquished.

Notes
Turn   | Place    | Note
-------+----------+-------------------------------------------
     0 | D:1      | nikopol the Deep Elf Fire Elementalist began the quest for the Orb.
     0 | D:1      | Reached XP level 1. HP: 10/10 MP: 6/6
   250 | D:1      | Reached XP level 2. HP: 12/15 MP: 4/8
  1122 | D:1      | Reached XP level 3. HP: 19/19 MP: 7/9
  1126 | D:1      | Learned a level 2 spell: Throw Flame
  1130 | D:1      | Learned a level 3 spell: Conjure Flame
  1490 | D:2      | Slain by a gnoll

Vault maps used:
D:1:      evilmike_arrival_run_for_it, serial_bayou_lake_a
D:2:      lemuel_crystal_altar, first_bread, minmay_lizard_king, uniq_robin

Skill      XL: |  1  2  3 |
---------------+----------+-----
Conjurations   | 2 |  2.3
Stealth        | 3 |  3.0
Dodging        | |  2.7
Spellcasting   | |  3.3
Fire Magic     | |  3.8

Action                   || total
-------------------------++-------
 Cast: Flame Tongue      ||    41
       Throw Flame       ||     9
Armor: Robe              ||     6
Dodge: Dodged            ||    15
